 Dungeon Crawl Stone Soup version 0.23.2-30-g0e89c35649 (webtiles) character file.

Game seed: 14775082265396385433

171241 Kairos the Severer (level 16, -1/158 HPs)
             Began as a Deep Dwarf Fighter on June 9, 2019.
             Was the Champion of Makhleb.
             Slain by an emperor scorpion (3 damage)
             ... on level 4 of the Spider Nest.
             The game lasted 01:09:14 (21983 turns).

Kairos the Severer (Deep Dwarf Fighter)            Turns: 21983, Time: 01:09:17

Health: -1/158     AC: 29    Str: 26      XL:     16   Next: 82%
Magic:  0/15       EV: 10    Int:  9 (10) God:    Makhleb [******]
Gold:   2337       SH: 20    Dex: 11 (12) Spells: 13/15 levels left

rFire    + + +     SeeInvis +   Y - +14 obsidian axe {chop, +Fly SInv *Curse} (curse)
rCold    + . .     Gourm    .   c - +0 large shield
rNeg     + + +     Faith    .   b - +4 chain mail {rF+}
rPois    +         Spirit   .   X - +0 helmet of Olyeqe Zios {*Slow rElec rN++ rCorr}
rElec    +         Reflect  .   i - +2 cloak {rPois}
rCorr    +         Harm     .   y - +0 pair of gloves
MR       ++...                  W - +0 pair of boots
Stlth    ..........             V - amulet of magic regeneration
HPRegen  0.00/turn              H - +3 ring of protection
MPRegen  0.39/turn              N - ring of protection from fire

@: lethally poisoned (-1 -> -13), about to teleport, mesmerised,
non-regenerating, slowed, very slow
A: damage resistance, heal wounds, rugged brown scales 1, cold resistance 1,
fire resistance 1, negative energy resistance 1, sense surroundings 2, subdued
magic 1, no regeneration
}: 2/15 runes: decaying, abyssal
a: Heal Wounds, Minor Destruction, Lesser Servant of Makhleb, Major Destruction,
Greater Servant of Makhleb, Renounce Religion, Evoke Flight


You were on level 4 of the Spider Nest.
You worshipped Makhleb.
Makhleb was exalted by your worship.
You were very hungry.

You visited 6 branches of the dungeon, and saw 29 of its levels.
You visited the Abyss 1 time.
You also visited: Ossuary and Volcano.

You collected 2580 gold pieces.
You spent 243 gold pieces at shops.

Inventory:

Hand Weapons
 B - the +8 broad axe of Horoes {flame, rN+}
   (You bought it in a shop on level 4 of the Dungeon)

   It has been specially enchanted to burn those struck by it, causing extra
   injury to most foes and up to half again as much damage against particularly
   susceptible opponents.
   Big, fiery blades are also staple armaments of hydra-hunters.
   It protects you from negative energy.
 M - a +0 demon whip of flaming
 Y - the cursed +14 obsidian axe (weapon) {chop, +Fly SInv *Curse}
   (You found it on level 12 of the Dungeon)

   It inflicts extra damage upon your enemies.
   It lets you see invisible.
   It lets you fly.
   It curses itself when equipped.
   It has a curse placed upon it.
Missiles
 K - 5 throwing nets (quivered)
Armour
 b - a +4 chain mail of fire resistance (worn)
 c - a +0 large shield (worn)
 i - a +2 cloak of poison resistance (worn)
 y - a +0 pair of gloves (worn)
 C - a scarf of repulsion
 U - a +0 cloak of invisibility
 W - a +0 pair of boots (worn)
 X - the +0 helmet of Olyeqe Zios (worn) {*Slow rElec rN++ rCorr}
   (You found it on level 3 of the Spider Nest)

   It insulates you from electricity.
   It greatly protects you from negative energy.
   It provides partial protection from all sources of acid and corrosion.
   It may slow you when you take damage.
Jewellery
 H - a +3 ring of protection (left hand)
 N - a ring of protection from fire (right hand)
 V - an amulet of magic regeneration (around neck)
Wands
 o - a wand of clouds (4)
 u - a wand of paralysis (14)
 v - a wand of digging (11)
 E - a wand of polymorph (30)
 I - a wand of scattershot (6)
 S - a wand of flame (37)
Scrolls
 a - a scroll of noise {unknown}
 e - 20 scrolls of teleportation
 p - 14 scrolls of remove curse
 r - 4 scrolls of enchant weapon
 t - 11 scrolls of enchant armour
 w - 5 scrolls of magic mapping
 z - 6 scrolls of blinking
 A - 5 scrolls of fear
 F - 2 scrolls of holy word
 O - 5 scrolls of fog
 P - 4 scrolls of immolation
 R - 2 scrolls of summoning
 Z - a scroll of brand weapon
Potions
 d - 3 potions of might
 g - 5 potions of brilliance
 h - 2 potions of heal wounds
 j - 3 potions of ambrosia
 k - 7 potions of resistance
 l - 4 potions of flight {unknown}
 m - 12 potions of curing
 n - 9 potions of haste
 q - 4 potions of lignification
 s - 3 potions of mutation
 x - a potion of berserk rage {unknown}
 D - 3 potions of magic
 G - a potion of experience {unknown}
 L - 3 potions of agility
 Q - 2 potions of cancellation
 T - 3 potions of invisibility
Miscellaneous
 J - a lamp of fire
Comestibles
 f - 56 rations


   Skills:
 + Level 12.7 Fighting
 - Level 18.0 Axes
 + Level 13.2 Armour
 + Level 6.6 Dodging
 + Level 5.8 Stealth
 + Level 14.6 Shields
 * Level 9.7 Invocations
 * Level 9.5 Evocations


You had 13 spell levels left.
You knew the following spells:

 Your Spells              Type           Power        Failure   Level  Hunger
a - Blink                 Tloc           N/A          100%        2    ###....

Your spell library contained the following spells:

 Spells                   Type           Power        Failure   Level  Hunger
 Apportation              Tloc           #.....       99%         1    ##.....
 Beastly Appendage        Tmut           #.....       99%         1    ##.....
 Flame Tongue             Conj/Fire      #....        99%         1    ##.....
 Infusion                 Chrm           #...         99%         1    ##.....
 Magic Dart               Conj           #...         99%         1    ##.....
 Shock                    Conj/Air       #...         99%         1    ##.....
 Sting                    Conj/Pois      #...         99%         1    ##.....
 Summon Butterflies       Summ           #.......     99%         1    ##.....
 Poisonous Vapours        Pois/Air       #.....       100%        2    ###....
 Searing Ray              Conj           #.....       100%        2    ###....
 Shroud of Golubria       Chrm/Tloc      #.........   100%        2    ###....
 Song of Slaying          Chrm           #.......     100%        2    ###....
 Sticks to Snakes         Tmut           #.......     100%        2    ###....
 Swiftness                Chrm/Air       #.......     100%        2    ###....
 Throw Flame              Conj/Fire      #.....       100%        2    ###....
 Call Canine Familiar     Summ           #.......     100%        3    ####...
 Conjure Flame            Conj/Fire      #.......     100%        3    ####...
 Dazzling Spray           Conj/Hex       #.....       100%        3    ####...
 Gell's Gravitas          Tloc           #.........   100%        3    ####...
 Inner Flame              Hex/Fire       #.......     100%        3    ####...
 Lesser Beckoning         Tloc           #.........   100%        3    ####...
 Mephitic Cloud           Conj/Pois/Air  #.......     100%        3    ####...
 Spectral Weapon          Hex/Chrm       #.......     100%        3    ####...
 Spider Form              Tmut/Pois      #.........   100%        3    ####...
 Static Discharge         Conj/Air       #.......     100%        3    ####...
 Teleport Other           Tloc           #.......     100%        3    ####...
 Tukima's Dance           Hex            #.......     100%        3    ####...
 Airstrike                Air            #.........   100%        4    #####..
 Force Lance              Conj/Tloc      #.......     100%        4    #####..
 Fulminant Prism          Conj/Hex       #.........   100%        4    #####..
 Ice Form                 Ice/Tmut       #.......     100%        4    #####..
 Iskenderun's Mystic Bla  Conj           #.......     100%        4    #####..
 Olgreb's Toxic Radiance  Pois           #.......     100%        4    #####..
 Passage of Golubria      Tloc           N/A          100%        4    #####..
 Sticky Flame             Conj/Fire      #.......     100%        4    #####..
 Summon Ice Beast         Ice/Summ       #.......     100%        4    #####..
 Throw Icicle             Conj/Ice       #.......     100%        4    #####..
 Alistair's Intoxication  Tmut/Pois      #.......     100%        5    ######.
 Blade Hands              Tmut           #.........   100%        5    ######.
 Fireball                 Conj/Fire      #.........   100%        5    ######.
 Lightning Bolt           Conj/Air       #.........   100%        5    ######.
 Summon Mana Viper        Hex/Summ       #.......     100%        5    ######.
 Venom Bolt               Conj/Pois      #.........   100%        5    ######.
 Invisibility             Hex            #.......     100%        6    #######
 Spellforged Servitor     Conj/Summ      #.........   100%        7    #######
 Summon Hydra             Summ           #.........   100%        7    #######
 Regeneration             Chrm/Necr      Unusable     N/A         3    N/A

Dungeon Overview and Level Annotations

Branches:
Dungeon (13/15)            Temple (1/1) D:7            Lair (6/6) D:10
  Swamp (4/4) Lair:2       Spider (4/4) Lair:2        Slime (1/5) Lair:5
    Orc (0/2) D:12
 Vaults: D:13-14

Altars:
Ashenzari
Cheibriados
Dithmenos
Elyvilon
Fedhas
Gozag
Hepliaklqana
Kikubaaqudgha
Makhleb
Nemelex Xobeh
Okawaru
Qazlal
Ru
Trog
Uskayaw
Vehumet
Wu Jian
Xom
Yredelemnul
Zin
The Shining One
Beogh
Jiyva

Shops:
D:4 ?%(   D:13 *(

Annotations:
Lair:1 exclusion: 2 oklob plants
Spider:1 3 runed translucent doors, daning's ghost, journeyman DECj


Innate Abilities, Weirdness & Mutations

You are resistant to damage.
You can heal yourself by infusing magical energy.
You resist negative energy. (rN+)
You passively map the area around you.
You do not regenerate.
You are partially covered in rugged brown scales. (AC +1, +3% HP)
Your flesh is cold resistant. (rC+)
Your flesh is heat resistant. (rF+)
Your spells are a little easier to cast, but a little less powerful.


Message History

As you read the scroll of teleportation, it crumbles to dust.
You feel strangely unstable.
You feel very sick. The ghost moth stares at you.
The emperor scorpion stings you but does no damage.
You block the emperor scorpion's attack.
The emperor scorpion claws you but does no damage.
The emperor scorpion stings you!!
* * * LOW HITPOINT WARNING * * *
The emperor scorpion claws you but does no damage.
You block the emperor scorpion's attack.
The emperor scorpion stings you!
* * * LOW HITPOINT WARNING * * *
The emperor scorpion claws you. The emperor scorpion claws you!
* * * LOW HITPOINT WARNING * * *
Your sun demon hits the emperor scorpion!
The emperor scorpion is engulfed in flames!!
You block the emperor scorpion's attack.
The emperor scorpion claws you!
You die...

#........#....^#...# #.#.. ^^ ^#
........^^.#...#.##......., .##..
..#.#.^^..^.^#...).#......##^#...
##^#####........##....##.#..#..#.
*######...≈.≈..^#...##..^#..#....
* #.........#.#......##...#.... ,
, #..†.#....#.#..^..........#..
......####..≈#.3^#^#^#........#^
≈≈≈... #...#s@y^#.=#.#^.#.#.(^
##≈≈.., *##≈)ysy#§......#..#.##.
##≈. ≈ ###...s...#.#......^#.# ≈
#.. ≈, #..^s#§§§.^...†.#.^..^. #.
≈ ##^#..##..........##^#.
##^.†..#^^...^##^#....†. *, ,
*##...^..##.............#^ , **
#.###..^#..........#....#
###........3.#.#..#...^##..


You could see 2 emperor scorpions, 2 ghost moths, a moth of wrath, an orb
spider, a tarantella (berserk) and a friendly sun demon.

Vanquished Creatures
  A Hell Sentinel (Abyss:4)
  Donald (Swamp:4)
  An azure jelly (Swamp:4)
  A ghost moth (Spider:4)
  Louise (Spider:1)
  A balrug (Abyss:4)
  A draconian stormcaller (Abyss:4)
  3 emperor scorpions
  A draconian annihilator (Abyss:4)
  4 entropy weavers
  A dire elephant (Lair:6)
  An ettin (D:10)
  An ogre mage (D:10)
  The ghost of HammerPanzer the Bludgeoner, a journeyman MiBe of Trog (D:11)
  A deep elf high priest (D:10)
  The ghost of DKeggars the Protected, a journeyman MiFi of Okawaru (D:11)
  Harold (Lair:2)
  A fire dragon (Lair:6)
  9 hydras
  A shambling mangrove (Swamp:3)
  A centaur warrior (D:13)
  3 ghost crabs
  6 two-headed ogres
  3 ice dragons (Swamp:4)
  4 alligators
  2 death yaks (Lair:2)
  Sonja (Lair:1)
  A spriggan druid (Swamp:4)
  2 unseen horrors
  2 skeletal warriors (Volcano)
  2 anaconda skeletons (Volcano)
  4 swamp dragons
  5 orb spiders
  2 ugly things
  10 wolf spiders
  3 manticores (D:12)
  A moth of wrath (Spider:3)
  A deep elf mage (D:13)
  A centaur zombie (D:13)
  5 draconians (Abyss:4)
  4 cyclopes
  Maurice (D:8)
  17 elephants
  3 black mambas
  2 torpor snails
  2 apocalypse crabs (Abyss:4)
  4 spiny frogs
  3 gargoyles (Volcano)
  A smoke demon (Abyss:4)
  A hellion (Abyss:4)
  4 freezing wraiths (Swamp:4)
  2 rime drakes
  A tormentor (Abyss:4)
  10 demonic crawlers
  An efreet (D:12)
  9 komodo dragons
  A queen bee (D:8)
  3 meliai (Spider:3)
  3 trolls
  11 hornets
  9 polar bears (Lair:6)
  15 blink frogs
  13 jumping spiders
  Grinder (D:3)
  5 tyrant leeches
  A polar bear (shapeshifter) (Abyss:4)
  3 raiju (Lair:6)
  16 slime creatures
  3 bog bodies
  6 hippogriffs
  3 dream sheep
  Sigmund (D:2)
  8 flying skulls
  A shadow (D:13)
  3 spriggans
  49 redbacks
  18 tarantellas
  33 yaks
  An alligator skeleton (Volcano)
  5 wyverns
  A wraith (D:11)
  15 vampire mosquitoes
  A basilisk (Lair:3)
  5 swamp worm simulacra (Swamp:4)
  A steam dragon (Lair:6)
  6 wargs (Lair:6)
  A large abomination (Abyss:4)
  12 hydra simulacra (Swamp:4)
  18 insubstantial wisps
  An acid dragon (Lair:6)
  15 swamp worms
  12 water moccasins
  2 soldier ants
  14 hell hounds
  8 porcupines
  6 swamp drakes
  5 ice beasts
  13 black bears
  2 eyes of draining
  8 orc warriors
  3 sky beasts
  2 hornet zombies
  8 necrophages
  A phantom (D:9)
  17 wolves (Lair:6)
  8 ogres
  11 centaurs
  13 crocodiles
  4 big kobolds
  22 bullfrogs
  6 scorpions
  A water moccasin skeleton (D:11)
  27 killer bees
  7 wights (D:12)
  7 howler monkeys
  5 crimson imps
  A bullfrog zombie (D:10)
  9 hounds
  6 jellies
  A quasit (D:8)
  8 orc priests
  4 bullfrog skeletons
  2 centaur skeletons
  4 iguanas
  13 orc wizards
  7 worker ants
  A killer bee zombie (D:9)
  2 naga skeletons (Volcano)
  2 hound zombies
  8 mummies (Ossuary)
  A worker ant zombie (D:10)
  12 gnolls
  3 howler monkey skeletons
  13 adders
  2 shadow imps
  A white imp (D:4)
  3 oozes
  3 swamp drake simulacra (Swamp:4)
  An adder zombie (D:5)
  2 adder skeletons
  3 worms
  5 dart slugs
  5 leopard geckos
  52 orcs
  2 ball pythons
  3 giant cockroaches
  A gnoll zombie (Ossuary)
  4 hobgoblins (D:1)
  7 jackals
  4 quokkas
  5 bats
  A frilled lizard (D:2)
  7 goblins
  2 goblin skeletons (D:4)
  2 goblin zombies (D:4)
  5 hobgoblin zombies
  A jackal skeleton (D:5)
  2 jackal zombies
  21 kobolds
  A kobold skeleton (D:4)
  3 kobold zombies
  3 orc skeletons (D:4)
  An orc zombie (Ossuary)
  2 quokka skeletons
  6 rats
  A bush (Lair:6)
  4 fungi
  A lurking horror (Abyss:4)
  6 plants
926 creatures vanquished.

Vanquished Creatures (collateral kills)
  An alligator (Swamp:1)
  3 orb spiders (Spider:4)
  2 wolf spiders (Spider:4)
  A spiny frog (Swamp:1)
  A hippogriff (D:13)
  A tarantella (Spider:4)
  5 redbacks (Spider:4)
  A swamp worm (Swamp:1)
  A hydra simulacrum (Swamp:4)
  A centaur (D:13)
  A crimson imp (D:13)
  An orc (D:13)
  2 kobolds (D:13)
21 creatures vanquished.

Vanquished Creatures (others)
  A draconian stormcaller (Abyss:4)
  A hydra (Swamp:2)
  A dream sheep (Lair:6)
  A spriggan (Swamp:2)
  A tarantella (Spider:2)
  A small abomination (Abyss:4)
  A killer bee (D:8)
  An orc (D:8)
  A fungus (Lair:6)
  22 plants
  A withered plant (D:11)
32 creatures vanquished.

Grand Total: 979 creatures vanquished

Notes
Turn   | Place    | Note
-------+----------+-------------------------------------------
     0 | D:1      | Kairos the Deep Dwarf Fighter began the quest for the Orb.
     0 | D:1      | Reached XP level 1. HP: 20/20 MP: 1/1
   143 | D:1      | Reached XP level 2. HP: 18/27 MP: 2/2
   302 | D:1      | Reached XP level 3. HP: 18/33 MP: 3/3
   552 | D:2      | Reached skill level 3 in Axes
   599 | D:2      | Reached XP level 4. HP: 38/42 MP: 4/4
   700 | D:2      | Noticed Sigmund
   711 | D:2      | Killed Sigmund
   711 | D:2      | Reached skill level 5 in Axes
   711 | D:2      | Reached XP level 5. HP: 41/49 MP: 5/5
  1048 | D:2      | Reached XP level 6. HP: 42/56 MP: 6/6
  1279 | D:3      | Noticed Grinder
  1305 | D:3      | Killed Grinder
  1305 | D:3      | Reached skill level 1 in Dodging
  1416 | D:3      | Reached skill level 6 in Axes
  1416 | D:3      | Reached XP level 7. HP: 50/62 MP: 6/6
  1625 | D:3      | Found a white marble altar of Elyvilon.
  1816 | D:4      | Found Zesetib's Magic Scroll Shop.
  1825 | D:4      | Reached skill level 5 in Shields
  1854 | D:4      | Found an ancient bone altar of Kikubaaqudgha.
  1957 | D:4      | Got a bloodstained whip
  1976 | D:4      | Found a glowing golden altar of the Shining One.
  2021 | D:4      | Found Aromil's Food Shoppe.
  2052 | D:4      | Reached skill level 5 in Armour
  2080 | D:4      | Found Zaupaa's Antique Weapon Shoppe.
  2131 | D:4      | Found a sand-covered staircase.
  2137 | Ossuary  | Entered an ossuary
  2148 | Ossuary  | Identified the cursed +3 whip of Nutygg {slash, rF+ Int+4}
                  | (You found it on level 4 of the Dungeon)
  2236 | Ossuary  | Reached skill level 7 in Axes
  3361 | D:4      | Bought a brightly glowing broad axe for 243 gold pieces
  3361 | D:4      | Identified the +8 broad axe of Horoes {flame, rN+} (You
                  | bought it in a shop on level 4 of the Dungeon)
  3398 | D:5      | Entered Level 5 of the Dungeon
  3422 | D:5      | Reached XP level 8. HP: 41/72 MP: 6/6
  3637 | D:5      | Reached skill level 8 in Axes
  4101 | D:6      | Reached skill level 1 in Stealth
  4229 | D:6      | Reached skill level 9 in Axes
  4719 | D:6      | Gained mutation: You passively map the area around you.
                  | [Deep Dwarf growth]
  4719 | D:6      | Reached XP level 9. HP: 33/80 MP: 7/7
  4832 | D:7      | Found a staircase to the Ecumenical Temple.
  4845 | Temple   | Entered the Ecumenical Temple
  4951 | D:7      | Reached skill level 5 in Fighting
  4972 | D:7      | Reached skill level 10 in Axes
  5327 | D:7      | Found a burning altar of Makhleb.
  5330 | D:7      | Found a glowing silver altar of Zin.
  5330 | D:7      | Noticed a cacodemon
  5330 | D:7      | Noticed an angel
  5333 | D:7      | Became a worshipper of Makhleb the Destroyer
  5415 | D:8      | Noticed a two-headed ogre
  5536 | D:8      | Reached skill level 11 in Axes
  5537 | D:8      | Noticed Maurice
  5545 | D:8      | Killed Maurice
  5615 | D:8      | Reached XP level 10. HP: 66/91 MP: 7/7
  5655 | D:8      | Reached * piety under Makhleb
  5677 | D:8      | Killed a two-headed ogre
  5677 | D:8      | Reached skill level 12 in Axes
  5824 | D:8      | Found a hazy altar of Hepliaklqana.
  6056 | D:8      | Found a shattered altar of Ashenzari.
  6057 | D:8      | Found a sacrificial altar of Ru.
  6311 | D:9      | Reached ** piety under Makhleb
  6362 | D:9      | Noticed a two-headed ogre
  6368 | D:9      | Killed a two-headed ogre
  6373 | D:9      | Reached skill level 13 in Axes
  6407 | D:9      | Reached XP level 11. HP: 72/99 MP: 6/6
  6665 | D:9      | Found a blossoming altar of Fedhas.
  6665 | D:9      | Found an opulent altar of Gozag.
  6665 | D:9      | Noticed a two-headed ogre
  6672 | D:9      | Killed a two-headed ogre
  6672 | D:9      | Reached skill level 1 in Evocations
  7211 | D:10     | Entered Level 10 of the Dungeon
  7281 | D:10     | Reached *** piety under Makhleb
  7440 | D:10     | Noticed a two-headed ogre
  7448 | D:10     | Killed a two-headed ogre
  7568 | D:10     | Found a runed translucent door.
  7568 | D:10     | Noticed a two-headed ogre
  7569 | D:10     | Noticed a deep elf high priest
  7574 | D:10     | Killed a two-headed ogre
  7833 | D:10     | Killed an unseen horror
  7833 | D:10     | Reached skill level 14 in Axes
  7918 | D:10     | Found a staircase to the Lair.
  8006 | D:10     | Identified the +6 morningstar "Jequssant" {freeze, rPois
                  | rF- Int+5 Stlth-}
  8010 | D:10     | Noticed an ogre mage
  8014 | D:10     | Killed a deep elf high priest
  8014 | D:10     | Noticed an ettin
  8018 | D:10     | Killed an ogre mage
  8021 | D:10     | Killed an ettin
  8038 | D:10     | Learned a level 2 spell: Blink
  8125 | Lair:1   | Entered Level 1 of the Lair of Beasts
  8261 | Lair:1   | Noticed Sonja
  8268 | Lair:1   | Killed Sonja
  8268 | Lair:1   | Reached XP level 12. HP: 108/108 MP: 7/7
  8369 | Lair:1   | Paralysed by a floating eye for 3 turns
  8392 | Lair:1   | Paralysed by a floating eye for 2 turns
  8398 | Lair:1   | Paralysed by a floating eye for 3 turns
  8591 | Lair:1   | Reached **** piety under Makhleb
  8596 | Lair:1   | Reached skill level 15 in Axes
  9032 | Lair:2   | Noticed a death yak
  9032 | Lair:2   | Noticed a death yak
  9179 | Lair:2   | Noticed Harold
  9190 | Lair:2   | Killed Harold
  9217 | Lair:2   | Found a staircase to the Swamp.
  9316 | Lair:2   | Found a hole to the Spider Nest.
  9322 | Lair:2   | Reached skill level 10 in Armour
  9765 | Lair:2   | Killed a death yak
  9774 | Lair:2   | Killed a death yak
  9774 | Lair:2   | Reached skill level 10 in Shields
 10730 | Lair:4   | Reached skill level 16 in Axes
 10731 | Lair:4   | Reached XP level 13. HP: 120/120 MP: 8/8
 10735 | Lair:4   | Reached ***** piety under Makhleb
 11323 | Lair:5   | Found a staircase to the Slime Pits.
 11324 | Lair:5   | Found a viscous altar of Jiyva.
 11416 | Lair:5   | Found a dark tunnel.
 11426 | Volcano  | Entered a volcano
 12350 | Slime:1  | Entered Level 1 of the Pits of Slime
 12368 | Lair:6   | Entered Level 6 of the Lair of Beasts
 12502 | Lair:6   | Reached skill level 17 in Axes
 12751 | Lair:6   | Reached ****** piety under Makhleb
 12792 | Lair:6   | Gained mutation: You resist negative energy. (rN+) [Deep
                  | Dwarf growth]
 12792 | Lair:6   | Reached XP level 14. HP: 130/130 MP: 9/9
 12838 | Lair:6   | Reached skill level 10 in Fighting
 14424 | D:11     | Found a runed translucent gate.
 14424 | D:11     | Found a runed translucent gate.
 14425 | D:11     | Found a runed translucent gate.
 14425 | D:11     | Noticed HammerPanzer's ghost (journeyman MiBe)
 14427 | D:11     | Noticed DKeggars's ghost (journeyman MiFi)
 14490 | D:11     | Killed DKeggars's ghost
 14498 | D:11     | Killed HammerPanzer's ghost
 14498 | D:11     | Reached skill level 18 in Axes
 14517 | D:11     | Identified Heskysorr's Grimoire of Attacks
 14666 | D:12     | Found a staircase to the Orcish Mines.
 14912 | D:12     | Found the cursed +14 obsidian axe {chop, +Fly SInv *Curse}
 15517 | D:13     | Reached skill level 1 in Invocations
 15695 | D:13     | Found a roughly hewn altar of Beogh.
 15845 | D:13     | Found Ellohoum's Antique Weapon Boutique.
 15938 | D:13     | Found Tetam's Changing Room.
 16178 | Swamp:1  | Entered Level 1 of the Swamp
 16716 | Swamp:1  | Reached XP level 15. HP: 141/141 MP: 12/12
 17078 | Swamp:2  | Reached skill level 5 in Invocations
 17600 | Swamp:3  | Reached skill level 5 in Evocations
 18300 | Swamp:4  | Entered Level 4 of the Swamp
 18315 | Swamp:4  | Reached skill level 5 in Dodging
 18757 | Swamp:4  | Noticed an azure jelly
 18770 | Swamp:4  | Killed an azure jelly
 18793 | Swamp:4  | Got a decaying rune of Zot
 19112 | Swamp:4  | Noticed Donald
 19189 | Swamp:4  | Killed Donald
 19464 | Spider:1 | Entered Level 1 of the Spider Nest
 19481 | Spider:1 | Found a runed translucent gate.
 19483 | Spider:1 | Found a runed translucent gate.
 19491 | Spider:1 | Found a runed translucent gate.
 19554 | Spider:1 | HP: 5/144 [entropy weaver (8)]
 19714 | Spider:1 | Gained mutation: Your spells are a little easier to cast,
                  | but a little less powerful. [potion of mutation]
 19714 | Spider:1 | Gained mutation: Your flesh is cold resistant. (rC+)
                  | [potion of mutation]
 19714 | Spider:1 | Gained mutation: Your flesh is heat resistant. (rF+)
                  | [potion of mutation]
 19714 | Spider:1 | Gained mutation: You are partially covered in rugged brown
                  | scales. (AC +1, +3% HP) [potion of mutation]
 20092 | Spider:1 | Noticed daning's ghost (journeyman DECj)
 20224 | Spider:1 | Noticed Louise
 20228 | Spider:1 | Cast into level 3 of the Abyss (Louise)
 20228 | Abyss:3  | Found a corrupted altar of Lugonu.
 20327 | Abyss:4  | Reached XP level 16. HP: 136/156 MP: 15/15
 20352 | Abyss:4  | Found a transporter.
 20373 | Abyss:4  | Noticed a Hell Sentinel
 20389 | Abyss:4  | Killed a Hell Sentinel
 20406 | Abyss:4  | HP: 7/234 [hellion/damnation (24)]
 20419 | Abyss:4  | Found a transporter.
 20423 | Abyss:4  | Found a transporter.
 20425 | Abyss:4  | Got an abyssal rune of Zot
 20464 | Abyss:4  | Reached skill level 5 in Stealth
 20496 | Spider:1 | Escaped the Abyss
 20515 | Spider:1 | Killed Louise
 21408 | Spider:3 | Got a jewelled helmet
 21414 | Spider:3 | Identified the +0 helmet of Olyeqe Zios {*Slow rElec rN++
                  | rCorr} (You found it on level 3 of the Spider Nest)
 21675 | Spider:4 | Entered Level 4 of the Spider Nest
 21983 | Spider:4 | HP: 2/158 [emperor scorpion (12)]
 21983 | Spider:4 | Slain by an emperor scorpion

Skill      XL: |  1  2  3  4  5  6  7  8  9 10 11 12 13 14 15 16 |
---------------+-------------------------------------------------+-----
Axes           | 3 5 6 7 9 11 13 14 16 17 18 | 18.0
Fighting       | 3 4 5 6 7 8 9 11 12 | 12.7
Armour         | 4 5 6 7 9 10 11 12 13 | 13.2
Shields        | 4 5 6 7 9 10 11 12 13 14 | 14.6
Dodging        | 1 2 3 4 6 |  6.6
Stealth        | 1 2 3 4 5 |  5.8
Evocations     | 1 3 7 9 |  9.5
Invocations    | 3 7 9 |  9.7

Action                   |  1- 3 |  4- 6 |  7- 9 | 10-12 | 13-15 | 16-18 || total
-------------------------+-------+-------+-------+-------+-------+-------++-------
Melee: War axe           |   115 |   128 |   186 |       |       |       ||   429
       Broad axe         |       |       |   174 |   531 |  1236 |   347 ||  2288
Invok: Lesser Servant of |       |       |       |       |     4 |     1 ||     5
 Abil: Heal Wounds       |     1 |     2 |    12 |     4 |    14 |     7 ||    40
       Evoke Invisibilit |       |       |       |       |     4 |     1 ||     5
Evoke: Wand              |       |     2 |     2 |     7 |       |       ||    11
  Use: Scroll            |     1 |       |     8 |     1 |    22 |     2 ||    34
       Potion            |       |       |       |     6 |     3 |     2 ||    11
 Stab: Distracted        |       |       |       |       |     2 |     2 ||     4
       Confused          |       |       |       |       |     1 |       ||     1
       Invisible         |       |       |       |       |     7 |    13 ||    20
       Sleeping          |       |       |       |       |     1 |       ||     1
       Held in net/web   |       |       |       |       |       |     1 ||     1
  Eat: Chunk             |       |     2 |     7 |     6 |    20 |     3 ||    38
       Ration            |       |       |     2 |     4 |     3 |     1 ||    10
Armor: Scale mail        |    20 |       |       |       |       |       ||    20
       Chain mail        |    69 |    74 |   117 |   209 |   418 |   133 ||  1020
       Swamp dragon scal |       |       |       |       |   116 |     7 ||   123
       Skin              |       |       |       |       |       |    12 ||    12
Dodge: Dodged            |    36 |    37 |    61 |   131 |   399 |    85 ||   749
       Deflected         |       |       |     1 |     5 |       |       ||     6
Block: Shield            |    74 |    80 |   154 |   268 |   736 |    26 ||  1338
       Large shield      |       |       |       |       |       |   297 ||   297
